 Dungeon Crawl Stone Soup version 0.26-a0-712-ga5a9c9c9d0 (webtiles) character file.

Game seed: 13291289932760644220

597 kae the Insei (level 7, -4/40 HPs)
             Began as an Octopode Transmuter on Nov 10, 2020.
             Was an Initiate of Hepliaklqana.
             Slain by an ice beast (12 damage)
             ... on level 4 of the Dungeon.
             The game lasted 00:04:03 (5300 turns).

kae the Insei (Octopode Transmuter)                 Turns: 5300, Time: 00:04:03

Health: -4/40      AC:  1    Str: 11    XL:     7   Next: 40%
Magic:  11/11      EV: 14    Int: 15    God:    Hepliaklqana [......]
Gold:   215        SH:  0    Dex: 13    Spells: 8/12 levels left

rFire    . . .     SeeInvis .     - Unarmed
rCold    . . .     Faith    .   (no shield)
rNeg     . . .     Spirit   .   (helmet currently unavailable)
rPois    .         Reflect  .   (no amulet)
rElec    .         Harm     .   c - ring of flight
rCorr    .         Rampage  .   (no ring)
MR       .....                  (no ring)
Stlth    ++........             (no ring)
HPRegen  0.13/turn              (no ring)
MPRegen  0.12/turn              (no ring)
                                (no ring)
                                (no ring)

@: appendages (expiring)
A: almost no armour, stealthy swim, amphibious, 8 rings, constrict 8, reduced
essence, tentacle spike 3, camouflage 1, gelatinous body 1
a: End Transformation, Recall Ancestor, Ancestor Identity, Renounce Religion,
Evoke Flight


You were on level 4 of the Dungeon.
You worshipped Hepliaklqana.
Hepliaklqana was noncommittal.
One of your tentacles had a temporary spike.
You visited 2 branches of the dungeon, and saw 6 of its levels.
You also visited: Sewer.

You collected 215 gold pieces.

Inventory:

Jewellery
 b - an uncursed ring of fire
 c - a ring of flight (left tentacle)
 o - an uncursed ring of wizardry {unknown}
Scrolls
 i - 2 scrolls of remove curse
 l - 2 scrolls of enchant armour
 n - 2 scrolls of teleportation
 p - a scroll of fog {unknown}
Potions
 a - a potion of stabbing {unknown}
 d - 3 potions of might
 e - 2 potions of brilliance
 f - a potion of degeneration
 g - 6 potions of heal wounds
 h - 5 potions of curing
 j - 2 potions of lignification {unknown}
 k - a potion of berserk rage
 m - 2 potions of flight {unknown}


   Skills:
 + Level 2.8 Fighting
 + Level 3.3 Dodging
 * Level 5.0 Unarmed Combat
 - Level 3.0 Spellcasting
 * Level 4.5 Transmutations
 - Level 2.0 Poison Magic


You had 8 spell levels left.
You knew the following spells:

 Your Spells              Type           Power        Failure   Level
a - Beastly Appendage     Tmut           ###...       3%          1
b - Spider Form           Tmut/Pois      ##........   16%         3

Your spell library contained the following spells:

 Spells                   Type           Power        Failure   Level
 Wereblood                Tmut           ###.....     4%          2
 Ice Form                 Ice/Tmut       #.......     61%         4
 Blade Hands              Tmut           ###.......   65%         5


Dungeon Overview and Level Annotations

Branches:
Dungeon (5/15)             Temple (1/1) D:4           Sewer (visited)

Altars:
Cheibriados
Dithmenos
Elyvilon
Fedhas
Hepliaklqana
Makhleb
Nemelex Xobeh
Qazlal
Ru
Sif Muna
Trog
Uskayaw
Vehumet
Wu Jian
Zin

Shops:
D:4 [


Innate Abilities, Weirdness & Mutations

You cannot wear most types of armour.
You are very stealthy in the water. (Stealth+)
You are amphibious.
You can wear up to eight rings at the same time.
You can use your tentacles to constrict eight enemies at once.
Your skin changes colour to match your surroundings (Stealth+).
Your rubbery body absorbs attacks. (AC +1, EV +1)
Your life essence is reduced to manifest your ancestor. (-10% HP)
One of your tentacles bears a large vicious spike.


Message History

You closely miss the ice beast.
You squeeze the ice beast, but do no damage.
An ufetubus comes into view.
Tlalli closely misses the ice beast.
The ice beast barely misses you.
Tlalli hits the ice beast but does no damage.
Tlalli hits the ice beast.
The ufetubus misses you. The ufetubus hits you.
There is a stone staircase leading up here.
Your transformation is almost over.
The orc closely misses you.
The adder zombie bites Tlalli.
The ufetubus barely misses you. The ufetubus closely misses you.
The ice beast hits you. The ice beast freezes you!
* * * LOW HITPOINT WARNING * * *
Tlalli hits the adder zombie.
You climb upwards.
There is a stone staircase leading down here.
Okay, then.
The ice beast hits you.
* * * LOW HITPOINT WARNING * * *
The ice beast freezes you!
You die...

#.# #.#.# ### #.#
#.#.###.##### ###.#
#............ #...#
####.##...#### #.#.####
#............# #.≈≈≈≈≈#
####.##.#....##.# #.≈###≈##
#.......#.......#
#..+_'..###.##.#..##..P.P.#
##≈###≈..5@.##.........>..#
#≈≈≈≈≈#.oY.......#...P.P.#
#####.#########..........#
#.#......##..##.#....#
#.#.####...>.##.#.#.##
#......♣..##.##.#.#.##
###.#♣.∩.♣##.##.#.#[#
#.#..♣..##.##...#.#
#.......##.######.##


You could see an ice beast, an orc and an ufetubus.

Vanquished Creatures
  A centaur (D:3)
  A scorpion (D:4)
  A bullfrog zombie (D:5)
  2 hounds (D:4)
  2 orc wizards (D:4)
  A worker ant (D:4)
  A howler monkey skeleton (D:4)
  4 river rats (Sewer)
  10 adders
  A shadow imp (D:5)
  4 worms
  3 dart slugs
  4 leopard geckos
  7 orcs (D:4)
  7 giant cockroaches
  11 goblins
  6 hobgoblins
  12 jackals
  19 kobolds
  3 quokkas
  A ball python (D:2)
  7 bats
  7 frilled lizards
  23 rats
138 creatures vanquished.

Vanquished Creatures (collateral kills)
  A quokka (D:4)
1 creature vanquished.

Grand Total: 139 creatures vanquished

Notes
Turn   | Place    | Note
-------+----------+-------------------------------------------
     0 | D:1      | kae the Octopode Transmuter began the quest for the Orb.
     0 | D:1      | Reached XP level 1. HP: 13/13 MP: 3/3
    95 | D:1      | Reached XP level 2. HP: 18/18 MP: 3/5
   720 | D:1      | Reached XP level 3. HP: 23/23 MP: 4/6
   725 | D:1      | Learned a level 3 spell: Spider Form
  1395 | D:2      | Noticed a +0 dagger
  1396 | D:2      | Noticed a +3 dagger
  1401 | D:2      | Found a hide-covered altar of Uskayaw.
  1599 | D:2      | Reached XP level 4. HP: 26/28 MP: 5/7
  2406 | D:3      | Noticed a centaur
  2419 | D:3      | Killed a centaur
  2419 | D:3      | Reached skill level 4 in Unarmed Combat
  2419 | D:3      | Reached skill level 1 in Poison Magic
  2419 | D:3      | Reached XP level 5. HP: 22/34 MP: 5/8
  2535 | D:3      | Found a sacrificial altar of Ru.
  2927 | D:4      | Reached XP level 6. HP: 28/39 MP: 2/9
  3086 | D:4      | Found a glowing drain.
  3092 | Sewer    | Entered a sewer
  4264 | D:4      | Reached XP level 7. HP: 31/45 MP: 11/11
  4602 | D:4      | Found a burning altar of Makhleb.
  4714 | D:4      | Found a radiant altar of Vehumet.
  4856 | D:4      | Found a staircase to the Ecumenical Temple.
  4873 | Temple   | Entered the Ecumenical Temple
  5009 | Temple   | Became a worshipper of Hepliaklqana the Forgotten
  5038 | D:4      | Reached skill level 5 in Unarmed Combat
  5099 | D:4      | Found Buodetua's Armour Boutique.
  5118 | D:4      | Found an ornate altar of the Wu Jian Council.
  5283 | D:5      | Entered Level 5 of the Dungeon
  5300 | D:4      | Slain by an ice beast

Illustrated notes

Levels and vault maps discovered:
D:1:      dpeg_arrival_concentric_ovals, layout_basic
D:2:      layout_basic, dancing_weapons_uskayaw, minmay_circle_x
D:3:      layout_rooms, nicolae_ru_sacrificial_ziggurat
D:4:      layout_basic, kennysheep_mini, kennysheep_mini_moat,
          marbit_many_paths, minmay_temple_entry_trees, gup_sewer_entry_bowl,
          serial_shops, nicolae_shop_trees
D:5:      layout_rooms, nrook_campfire, uniq_menkaure, uniq_grinder
Temple:   eino_wide_crystal_templ

Skill      XL: |  1  2  3  4  5  6  7 |
---------------+----------------------+-----
Fighting       | 2 |  2.8
Unarmed Combat | 4 5 |  5.0
Transmutations | 3 4 |  4.5
Poison Magic   | 1 2 |  2.0
Dodging        | 3 |  3.3
Spellcasting   | 3 |  3.0

Action                   |  1- 3 |  4- 6 |  7- 9 || total
-------------------------+-------+-------+-------++-------
Melee: Unarmed           |    72 |   180 |    40 ||   292
       Constrict         |    28 |    44 |    11 ||    83
       Kick              |    16 |    23 |    10 ||    49
       Tentacles         |    14 |    19 |     9 ||    42
       Punch             |     1 |     1 |     2 ||     4
 Cast: Beastly Appendage |    21 |    19 |     6 ||    46
       Spider Form       |       |     6 |       ||     6
  Use: Scroll            |     3 |     7 |       ||    10
       Potion            |       |     1 |       ||     1
 Stab: Sleeping          |     5 |     9 |       ||    14
       Distracted        |       |       |     1 ||     1
Armor: Skin              |     8 |     8 |     1 ||    17
Dodge: Dodged            |    39 |   129 |    27 ||   195

Table legend: (Time is in decaauts)
 A = Elapsed time spent in this place.
 B = Non-inter-level travel time spent in this place.
 C = Inter-level travel time spent in this place.
 D = Time resting spent in this place.
 E = Time spent auto-exploring this place.
 F = Levels seen in this place.
 G = Mean time per level.
                   A        B        C        D        E       F      G
               +--------+--------+--------+--------+--------+-----+--------+
         Total |   5279 |   5098 |    181 |    414 |   3777 |   7 |  754.1 |
       Dungeon |   4143 |   4007 |    136 |    258 |   3117 |   5 |  828.6 |
        Temple |    160 |    115 |     45 |      0 |    113 |   1 |  160.0 |
         Sewer |    975 |    975 |      0 |    156 |    547 |   1 |  975.0 |
               +--------+--------+--------+--------+--------+-----+--------+

Top non-repeatable levels by time:
     D:4: 1238 daAuts
     D:1: 1114 daAuts
   Sewer: 975 daAuts
     D:2: 901 daAuts
     D:3: 872 daAuts
  Temple: 160 daAuts
     D:5: 15 daAuts
